 Dungeon Crawl Stone Soup version 0.26-a0-649-gf8c6c3aab7 (webtiles) character file.

Game seed: 9831082022205585000

100 Borbozo the Slinger (level 5, -1/34 HPs)
             Began as a Halfling Hunter on Sept 26, 2020.
             Killed from afar by an orc wizard (8 damage)
             ... with a puff of frost
             ... on level 3 of the Dungeon.
             The game lasted 00:15:45 (2121 turns).

Borbozo the Slinger (Halfling Hunter)               Turns: 2121, Time: 00:15:46

Health: -1/34      AC:  3    Str: 13    XL:     5   Next: 3%
Magic:  5/5        EV: 14    Int:  9    God:
Gold:   141        SH:  0    Dex: 16    Spells: 4/4 levels left

rFire    . . .     SeeInvis .   a - +1 hunting sling
rCold    . . .     Faith    .   (shield restricted)
rNeg     . . .     Spirit   .   c - +0 leather armour
rPois    .         Reflect  .   (no helmet)
rElec    .         Harm     .   (no cloak)
rCorr    .         Rampage  .   (no gloves)
MR       .....                  (no boots)
Stlth    +.........             (no amulet)
HPRegen  0.11/turn              (no ring)
MPRegen  0.09/turn              (no ring)

@: drained
A: small, mutation resistance 1
a: no special abilities


You were on level 3 of the Dungeon.
You visited 1 branch of the dungeon, and saw 3 of its levels.

You collected 141 gold pieces.

Inventory:

Hand Weapons
 a - a +1 hunting sling (weapon)
 b - a +0 short sword
 t - a +0 rapier
 v - a cursed -3 mace
Missiles
 g - 38 arrows
 i - 6 javelins
 j - 30 stones (quivered)
Armour
 c - a +0 leather armour (worn)
 p - a +0 leather armour
 s - a +2 robe of the Archmagi
Jewellery
 e - a cursed -4 ring of evasion {unknown}
 m - an uncursed amulet of faith
Scrolls
 h - 3 scrolls of fog
 l - a scroll of amnesia {unknown}
 n - a scroll of magic mapping {unknown}
 q - a scroll of fear {unknown}
 w - a scroll of remove curse {unknown}
Potions
 f - 2 potions of flight {unknown}
 k - a potion of mutation {unknown}
 o - a potion of degeneration {unknown}
 r - a potion of cancellation {unknown}
 u - a potion of berserk rage {unknown}
 x - a potion of might {unknown}
 z - a potion of lignification {unknown}


   Skills:
 + Level 1.9(1.0) Fighting
 + Level 8.0(6.9) Slings
 + Level 1.1(0.1) Armour
 + Level 2.5(1.6) Dodging
 + Level 1.4(0.5) Stealth


You had 4 spell levels left.
You didn't know any spells.
Your spell library was empty.

Dungeon Overview and Level Annotations

Branches:
Dungeon (3/15)

Altars:


Innate Abilities, Weirdness & Mutations

You are small and have problems with some larger weapons.
You are somewhat resistant to further mutation.


Message History

The orc wizard barely misses you.
The orc wizard hits you with a +2 dagger of draining.
You feel drained.
Firing (i - inventory)
j - 32 stones (quivered)
Press: ? - help, Shift-Dir - straight line, f/p - orc wizard
Aim: an orc wizard, wielding a +2 dagger of draining and wearing a +0 robe (heavily wounded, fast)
You shoot a stone. The stone hits the orc wizard.
The orc wizard is severely wounded.
The orc wizard gestures at you while chanting.
The magic dart hits you.
* * * LOW HITPOINT WARNING * * *
Firing (i - inventory)
j - 31 stones (quivered)
Press: ? - help, Shift-Dir - straight line, f/p - orc wizard
Aim: an orc wizard, wielding a +2 dagger of draining and wearing a +0 robe (severely wounded, fast)
You shoot a stone.
The stone completely misses the orc wizard.
The orc wizard misses you.
The orc wizard points at you and mumbles some strange words.
The puff of frost hits you!
You die...

#######.###.# #.###.#
#.......# #.# ##.###.#
#.##..#.###.# ##...##.#
#.##..#.....###........
#.##..###...........#.#
#.##...##########.###.#
#.###..# #.###.#
#.###..# #.....#
#.....@# ##'#####
######o# ##...## #(##
##.....## #(.##
#.......#
##...####.........#
#.......'.........+
##...####.........#
#(.## ##.......##
#####.## ##.....##


You could see an orc wizard (fast).

Vanquished Creatures
  4 adders (D:2)
  2 worms (D:2)
  2 dart slugs
  A leopard gecko (D:2)
  4 orcs (D:3)
  7 bats
  4 giant cockroaches
  3 goblins
  6 hobgoblins (D:2)
  3 quokkas (D:2)
  2 frilled lizards (D:2)
  5 kobolds
  6 rats
49 creatures vanquished.

Notes
Turn   | Place    | Note
-------+----------+-------------------------------------------
     0 | D:1      | Borbozo the Halfling Hunter began the quest for the Orb.
     0 | D:1      | Reached XP level 1. HP: 14/14 MP: 1/1
    47 | D:1      | Reached skill level 6 in Slings
   200 | D:1      | Reached XP level 2. HP: 17/19 MP: 2/2
   709 | D:2      | Reached XP level 3. HP: 24/24 MP: 3/3
   999 | D:2      | Reached skill level 7 in Slings
  1147 | D:2      | Reached XP level 4. HP: 29/29 MP: 4/4
  2002 | D:3      | Reached skill level 1 in Armour
  2096 | D:3      | Reached skill level 8 in Slings
  2096 | D:3      | Reached XP level 5. HP: 34/34 MP: 5/5
  2121 | D:3      | Killed from afar by an orc wizard

Illustrated notes

Levels and vault maps discovered:
D:1:      dpeg_arrival_tiny_a, layout_basic
D:2:      layout_basic, serial_glass, glass_columns_a, glass_columns_a
D:3:      layout_loops_corners, fedhas_altar_fruit_tree

Skill      XL: |  1  2  3  4 |
---------------+-------------+-----
Slings         | 6 7 8 |  8.0
Armour         | 1 |  1.1
Fighting       | |  1.9
Dodging        | |  2.5
Stealth        | |  1.4

Action                   |  1- 3 |  4- 6 || total
-------------------------+-------+-------++-------
Melee: Short sword       |     3 |       ||     3
 Fire: Hunting sling     |    65 |    70 ||   135
  Use: Scroll            |     2 |       ||     2
Armor: Leather armour    |     4 |     5 ||     9
Dodge: Dodged            |    22 |    15 ||    37

Table legend: (Time is in decaauts)
 A = Elapsed time spent in this place.
 B = Non-inter-level travel time spent in this place.
 C = Inter-level travel time spent in this place.
 D = Time resting spent in this place.
 E = Time spent auto-exploring this place.
 F = Levels seen in this place.
 G = Mean time per level.
                   A        B        C        D        E       F      G
               +--------+--------+--------+--------+--------+-----+--------+
         Total |   2098 |   2098 |      0 |     79 |      0 |   3 |  699.3 |
       Dungeon |   2098 |   2098 |      0 |     79 |      0 |   3 |  699.3 |
               +--------+--------+--------+--------+--------+-----+--------+

Top non-repeatable levels by time:
     D:2: 1179 daAuts
     D:1: 695 daAuts
     D:3: 223 daAuts
